 Dungeon Crawl Stone Soup version 0.29-a0-323-g050149af67 (webtiles) character file.

Game seed: 8798371710856235834

364 enile the Prestidigitator (level 6, 0/44 HPs)
             Began as a Gnoll Wanderer on Apr 11, 2022.
             Was a Believer of Okawaru.
             Slain by a gnoll
             ... wielding a +0 whip
              (7 damage)
             ... on level 3 of the Dungeon.
             The game lasted 00:04:18 (3643 turns).

enile the Prestidigitator (Gnoll Wanderer)          Turns: 3643, Time: 00:04:19

Health: 0/44       AC:  2    Str: 10    XL:     6   Next: 67%
Magic:  6/9        EV: 18    Int: 18    God:    Okawaru [**....]
Gold:   91         SH:  0    Dex: 17    Spells: 8/9 levels left

rFire   + . .      SeeInvis .   o - +6 flail "Gunef" {vorpal, Int+7 Dex-4}
rCold   . . .      Faith    .   (no shield)
rNeg    . . .      Spirit   .   q - +0 robe {rF+}
rPois   .          Reflect  .   (no helmet)
rElec   .          Harm     .   (no cloak)
rCorr   .          Rampage  .   (no gloves)
Will    .....                   (no boots)
Stlth   ++++......              (no amulet)
HPRegen 0.14/turn               f - +6 ring of dexterity
MPRegen 0.11/turn               (no ring)

@: heroic
A: fangs 1, strong nose, distributed training
a: Renounce Religion, Heroism


You were on level 3 of the Dungeon.
You worshipped Okawaru.
Okawaru was pleased with you.
You visited 1 branch of the dungeon, and saw 3 of its levels.

You collected 143 gold pieces.
You spent 52 gold pieces at shops.

Inventory:

Hand Weapons
 a - a +0 mace
 m - a +0 dagger of protection
 o - the +6 flail "Gunef" (weapon) {vorpal, Int+7 Dex-4}
   (You found it on level 2 of the Dungeon)

   It inflicts extra damage upon your enemies.
   Int:       It affects your intelligence (+7).
   Dex:       It affects your dexterity (-4).
 p - a +2 vorpal scythe
Armour
 c - a +0 leather armour
 g - a +0 chain mail
 q - a +0 robe of fire resistance (worn)
Jewellery
 f - a +6 ring of dexterity (left hand)
Wands
 d - a wand of polymorph (5)
Scrolls
 e - 3 scrolls of fear
 i - a scroll of immolation {unknown}
 j - a scroll of noise
 r - a scroll of amnesia
Potions
 h - 2 potions of haste {unknown}
 k - a potion of attraction {unknown}
 l - a potion of mutation {unknown}
 n - 2 potions of curing {unknown}
 s - a potion of heal wounds {unknown}
 t - a potion of resistance {unknown}
 u - a potion of lignification {unknown}


   Skills:
 + Level 2.1(7.1) Fighting
 + Level 2.1(7.1) Short Blades
 + Level 2.1(7.1) Long Blades
 + Level 2.1(7.1) Axes
 + Level 3.3(8.3) Maces & Flails
 + Level 2.1(7.1) Polearms
 + Level 2.1(7.1) Staves
 + Level 2.1(7.1) Slings
 + Level 2.1(7.1) Bows
 + Level 2.1(7.1) Crossbows
 + Level 2.1(7.1) Throwing
 + Level 3.3(8.3) Armour
 + Level 5.0(10.0) Dodging
 + Level 4.6(9.6) Stealth
 + Level 2.1(7.1) Shields
 + Level 2.1(7.1) Unarmed Combat
 + Level 2.1 Spellcasting
 + Level 1.6 Conjurations
 + Level 1.6 Hexes
 + Level 1.6 Summonings
 + Level 1.6 Necromancy
 + Level 1.6 Translocations
 + Level 1.6 Transmutations
 + Level 1.6 Fire Magic
 + Level 1.6 Ice Magic
 + Level 1.6 Air Magic
 + Level 1.6 Earth Magic
 + Level 1.6 Poison Magic
 + Level 2.3 Invocations
 + Level 8.8 Evocations


You had 8 spell levels left.
You knew the following spells:

 Your Spells              Type           Power      Damage    Failure   Level
a - Foxfire               Conj/Fire      28%        2x1d5     9%          1

Your spell library contained the following spells:

 Spells                   Type           Power      Damage    Failure   Level
 Conjure Flame            Conj/Fire      7%         6-21      26%         3
 Inner Flame              Hex/Fire       7%         N/A       26%         3
 Flame Wave               Conj/Fire      7%         2d5       65%         4


Dungeon Overview and Level Annotations

Branches:
Dungeon (3/15)

Altars:
Dithmenos
Okawaru

Shops:
D:1 ?

Annotations:
D:3 3 runed translucent doors


Innate Abilities, Weirdness & Mutations

You have very sharp teeth.
Your uncanny sense of smell can sniff out nearby items.
Your experience applies equally to all skills.


Message History

Your base Axes skill increases to level 2!
Your base Polearms skill increases to level 2!
Your base Staves skill increases to level 2!
Your base Slings skill increases to level 2!
Your base Bows skill increases to level 2!
Your base Crossbows skill increases to level 2!
Your base Throwing skill increases to level 2!
Your base Dodging skill increases to level 5!
Your base Shields skill increases to level 2!
Your base Unarmed Combat skill increases to level 2!
Your Spellcasting skill increases to level 2!
You sock the frilled lizard!
You kill the frilled lizard!
Okawaru accepts your kill.
A gnoll comes into view. It is wielding a +0 whip.
The orc priest mumbles some strange prayers to Beogh against you.
Beogh smites you!
* * * LOW HITPOINT WARNING * * *
Things that are here:
a +0 halberd; a +0 chain mail; a throwing net You hit the orc priest but do no damage.
You bite the orc priest, but do no damage.
The orc priest closely misses you.
Okay, then.
Okay, then.
Throw: throwing net
Press: ? - help, Q - select action, (/) - cycle Shift-Dir - straight line, f - orc priest
Aim: an orc priest, wielding a +0 club and wearing a +0 scale mail (69% to hit)
You throw a throwing net. The throwing net hits the orc priest.
The orc priest is caught in the net!
The orc priest struggles against the net.
You thump the orc priest!
You kill the orc priest!
Okawaru accepts your kill.
You sock the gnoll!
The gnoll is severely wounded.
A gnoll comes into view. It is wielding a +0 whip.
A gnoll comes into view. It is wielding a +0 flail.
The gnoll hits you with a +0 whip!
You die...

#..........#
#..........## ∆
#.....#.....# ...#
#######.....# ...#
#.....# ...#
#####.# ...### #.#
....(# #.#
.....##### #@#
.........#. #g#
........... g.#
...[....... ...#
o.......... g...#
.o......... .....#
.#........########
...<......#
.#........#


You could see 3 gnolls.

Vanquished Creatures
  Sigmund (D:2)
  An orc warrior (D:3)
  An orc priest (D:3)
  Terence (D:3)
  An adder (D:3)
  4 dart slugs
  2 orcs (D:2)
  3 bats
  2 endoplasms
  A giant cockroach (D:2)
  A goblin (D:2)
  2 hobgoblins
  4 jackals (D:2)
  4 kobolds
  4 quokkas
  2 ball pythons (D:1)
  4 frilled lizards
  21 rats
59 creatures vanquished.

Vanquished Creatures (others)
  15 foxfires
15 creatures vanquished.

Grand Total: 74 creatures vanquished

Notes
Turn   | Place    | Note
-------+----------+-------------------------------------------
     0 | D:1      | enile the Gnoll Wanderer began the quest for the Orb.
     0 | D:1      | enile set off with the following items: a +0 mace, 4
                  | throwing nets, a +0 leather armour, a wand of polymorph
                  | (5), a scroll of fear
     0 | D:1      | Reached XP level 1. HP: 13/13 MP: 1/1
   370 | D:1      | Reached XP level 2. HP: 19/19 MP: 2/2
   849 | D:1      | Found a faded altar of an unknown god.
  1028 | D:1      | Found Uceaxek's Magic Scroll Shoppe.
  1033 | D:1      | Bought a scroll of identify for 26 gold pieces
  1033 | D:1      | Bought a scroll of identify for 26 gold pieces
  1122 | D:1      | Prayed at the altar of an unknown god.
  1122 | D:1      | Became a worshipper of Warmaster Okawaru
  1122 | D:1      | Reached * piety under Okawaru
  1754 | D:2      | Reached XP level 3. HP: 25/25 MP: 3/3
  2073 | D:2      | Reached skill level 1 in Invocations
  2102 | D:2      | Identified the +6 flail "Gunef" {vorpal, Int+7 Dex-4}
  2144 | D:2      | Noticed Sigmund
  2157 | D:2      | Killed Sigmund
  2157 | D:2      | Reached ** piety under Okawaru
  2158 | D:2      | Reached skill level 1 in Fighting
  2158 | D:2      | Reached skill level 1 in Short Blades
  2158 | D:2      | Reached skill level 1 in Long Blades
  2158 | D:2      | Reached skill level 1 in Axes
  2158 | D:2      | Reached skill level 1 in Polearms
  2158 | D:2      | Reached skill level 1 in Staves
  2158 | D:2      | Reached skill level 1 in Slings
  2158 | D:2      | Reached skill level 1 in Bows
  2158 | D:2      | Reached skill level 1 in Crossbows
  2158 | D:2      | Reached skill level 1 in Throwing
  2158 | D:2      | Reached skill level 1 in Shields
  2158 | D:2      | Reached skill level 1 in Unarmed Combat
  2158 | D:2      | Reached skill level 1 in Spellcasting
  2158 | D:2      | Reached skill level 1 in Conjurations
  2158 | D:2      | Reached skill level 1 in Hexes
  2158 | D:2      | Reached skill level 1 in Summonings
  2158 | D:2      | Reached skill level 1 in Necromancy
  2158 | D:2      | Reached skill level 1 in Translocations
  2158 | D:2      | Reached skill level 1 in Transmutations
  2158 | D:2      | Reached skill level 1 in Fire Magic
  2158 | D:2      | Reached skill level 1 in Ice Magic
  2158 | D:2      | Reached skill level 1 in Air Magic
  2158 | D:2      | Reached skill level 1 in Earth Magic
  2158 | D:2      | Reached skill level 1 in Poison Magic
  2158 | D:2      | Reached XP level 4. HP: 8/32 MP: 4/6
  2158 | D:2      | Reached XP level 5. HP: 10/37 MP: 4/7
  2623 | D:2      | Learned a level 1 spell: Foxfire
  2885 | D:3      | Noticed an orc warrior
  3278 | D:3      | Noticed Terence
  3278 | D:3      | Found a runed translucent gate.
  3278 | D:3      | Found a runed translucent gate.
  3278 | D:3      | Found a runed translucent gate.
  3278 | D:3      | Found a shadowy altar of Dithmenos.
  3285 | D:3      | Killed Terence
  3286 | D:3      | Reached XP level 6. HP: 44/44 MP: 8/8
  3637 | D:3      | Killed an orc warrior
  3638 | D:3      | Reached skill level 5 in Dodging
  3643 | D:3      | Slain by a gnoll

Illustrated notes

Levels and vault maps discovered:
D:1:      dpeg_arrival_central, layout_loops_ring,
          dilly_ecumenical_altar_fadedgnrine, serial_shops,
          nicolae_shop_hallway_plus, hangedman_decor_push
D:2:      wander_river, layout_loops_ring, minmay_rat_hole, uniq_sigmund
D:3:      layout_rooms, nicolae_overflow_hidden_temple,
          grunt_dithmenos_smoke_and_mirrors, ebering_ghost_rock_garden,
          uniq_terence, uniq_pargi, uniq_crazy_yiuf_cottage

Skill      XL: |  1  2  3  4  5  6 |
---------------+-------------------+-----
Invocations    | 1 2 |  2.3
Fighting       | 1 2 |  2.1
Short Blades   | 1 2 |  2.1
Long Blades    | 1 2 |  2.1
Axes           | 1 2 |  2.1
Maces & Flails | 3 |  3.3
Polearms       | 1 2 |  2.1
Staves         | 1 2 |  2.1
Slings         | 1 2 |  2.1
Bows           | 1 2 |  2.1
Crossbows      | 1 2 |  2.1
Throwing       | 1 2 |  2.1
Armour         | 3 |  3.3
Shields        | 1 2 |  2.1
Unarmed Combat | 1 2 |  2.1
Spellcasting   | 1 2 |  2.1
Conjurations   | 1 |  1.6
Hexes          | 1 |  1.6
Summonings     | 1 |  1.6
Necromancy     | 1 |  1.6
Translocations | 1 |  1.6
Transmutations | 1 |  1.6
Fire Magic     | 1 |  1.6
Ice Magic      | 1 |  1.6
Air Magic      | 1 |  1.6
Earth Magic    | 1 |  1.6
Poison Magic   | 1 |  1.6
Dodging        | 5 |  5.0
Stealth        | |  4.6
Evocations     | |  8.8

Action                   |  1- 3 |  4- 6 || total
-------------------------+-------+-------++-------
Melee: Mace              |    69 |       ||    69
       Bite              |    12 |     5 ||    17
       Punch             |     1 |     1 ||     2
       Dagger            |    69 |       ||    69
       Flail             |     4 |    28 ||    32
Throw: Throwing net      |     2 |     4 ||     6
 Cast: Foxfire           |       |     8 ||     8
Invok: Heroism           |       |     1 ||     1
  Use: Scroll            |       |     2 ||     2
 Stab: Sleeping          |     1 |       ||     1
       Held in net/web   |       |     2 ||     2
Armor: Leather armour    |     4 |       ||     4
       Chain mail        |    90 |     7 ||    97
Dodge: Dodged            |    39 |    20 ||    59

Table legend: (Time is in decaauts)
 A = Elapsed time spent in this place.
 B = Non-inter-level travel time spent in this place.
 C = Inter-level travel time spent in this place.
 D = Time resting spent in this place.
 E = Time spent auto-exploring this place.
 F = Levels seen in this place.
 G = Mean time per level.
                   A        B        C        D        E       F      G
               +--------+--------+--------+--------+--------+-----+--------+
         Total |   3682 |   3479 |    203 |    539 |   2504 |   3 | 1227.3 |
       Dungeon |   3682 |   3479 |    203 |    539 |   2504 |   3 | 1227.3 |
               +--------+--------+--------+--------+--------+-----+--------+

Top non-repeatable levels by time:
     D:2: 1878 daAuts
     D:1: 1632 daAuts
     D:3: 171 daAuts
